 Dungeon Crawl Stone Soup version 0.29-a0-284-gf9362112df (webtiles) character file.

Game seed: 10386123444574028974

424 cojito the Vandal (level 6, -18/51 HPs)
             Began as a Palentonga Hunter on Mar 30, 2022.
             Demolished by an ogre
             ... wielding a +0 giant club
              (34 damage)
             ... on level 4 of the Dungeon.
             The game lasted 00:05:42 (3578 turns).

cojito the Vandal (Palentonga Hunter)               Turns: 3578, Time: 00:05:43

Health: -18/51     AC:  6    Str: 16    XL:     6   Next: 64%
Magic:  6/6        EV:  8    Int:  9    God:
Gold:   195        SH:  6    Dex: 14    Spells: 5/5 levels left

rFire   . . .      SeeInvis +   a - +1 hunting sling
rCold   . . .      Faith    .   d - +2 buckler
rNeg    . . .      Spirit   .   k - +0 ring mail
rPois   +          Reflect  .   (no helmet)
rElec   .          Harm     .   x - +0 cloak {rPois}
rCorr   .          Rampage  .   (no gloves)
Will    .....                   (no barding)
Stlth   +.........              (no amulet)
HPRegen 0.17/turn               (no ring)
MPRegen 0.10/turn               (no ring)

@: no status effects
A: large, rugged brown scales 3, see invisible, deformed body, roll 1, armoured
tail
a: Rolling Charge


You were on level 4 of the Dungeon.
You visited 1 branch of the dungeon, and saw 4 of its levels.

You collected 234 gold pieces.
You spent 39 gold pieces at shops.

Inventory:

Hand Weapons
 a - a +1 hunting sling (weapon)
 b - a +4 dagger of electrocution
Armour
 d - a +2 buckler (worn)
 k - a +0 ring mail (worn)
 r - a +0 leather armour
 x - a +0 cloak of poison resistance (worn)
Jewellery
 s - a +6 ring of dexterity
 v - a ring of fire
 y - a ring of flight
Wands
 n - a wand of mindburst (5)
Scrolls
 c - a scroll of immolation
 e - a scroll of enchant armour {unknown}
 f - a scroll of torment {unknown}
 j - a scroll of identify {unknown}
 l - a scroll of amnesia {unknown}
 m - a scroll of teleportation
 p - a scroll of magic mapping
 u - a scroll of enchant weapon {unknown}
 z - a scroll of blinking {unknown}
Potions
 g - a potion of degeneration {unknown}
 h - a potion of might
 i - a potion of cancellation {unknown}
 o - a potion of mutation {unknown}
 q - a potion of heal wounds
 t - a potion of flight {unknown}
 w - a potion of lignification {unknown}


   Skills:
 * Level 3.7 Fighting
 * Level 3.9(4.2) Slings
 * Level 2.3(3.4) Throwing
 + Level 1.6 Armour
 - Level 1.5 Dodging
 - Level 0.5 Stealth
 * Level 2.1 Shields


You had 5 spell levels left.
You didn't know any spells.
Your spell library contained the following spells:

 Spells                   Type           Power      Damage    Failure   Level
 Confusing Touch          Hex            0%         N/A       96%         3
 Yara's Violent Unravell  Hex/Tmut       0%         3d3       100%        5
 Enfeeble                 Hex            0%         N/A       100%        7


Dungeon Overview and Level Annotations

Branches:
Dungeon (4/15)
 Temple: D:4-7

Altars:
Qazlal
Uskayaw

Shops:
D:2 *


Innate Abilities, Weirdness & Mutations

You are completely covered in rugged brown scales. (AC +3, +7% HP)
You have supernaturally acute eyesight. (SInv)
Armour fits poorly on your strangely shaped body.
You can roll at nearby foes to attack.
You have a long armoured tail.


Message History

You open the door.
An ogre comes into view. It is wielding a +0 giant club.
The ogre shouts!
An ogre is nearby!
An ogre is nearby!
You shoot a sling bullet.
The sling bullet barely misses the ogre.
The ogre hits you with a +0 giant club.
You remove your +6 ring of dexterity.
You feel clumsy.
Unknown command.
Unknown command.
Aiming: Mindburst
Press: ? - help, Shift-Dir - straight line, f/p - ogre
Aim: an ogre, wielding a +0 giant club (chance to affect: 64%)
The ogre struggles to resist.
The ogre closely misses you.
Aiming: Mindburst
Press: ? - help, Shift-Dir - straight line, f/p - ogre
Aim: an ogre, wielding a +0 giant club (chance to affect: 64%)
The ogre struggles to resist.
Aiming: Mindburst
Press: ? - help, Shift-Dir - straight line, f/p - ogre
Aim: an ogre, wielding a +0 giant club (chance to affect: 64%)
The ogre struggles to resist.
The ogre hits you with a +0 giant club!!
Aiming: Mindburst
Press: ? - help, Shift-Dir - straight line, f/p - ogre
Aim: an ogre, wielding a +0 giant club (chance to affect: 64%)
The ogre's mind is blasted!
The ogre hits you with a +0 giant club!
Aiming: Mindburst
Press: ? - help, Shift-Dir - straight line, f/p - ogre
Aim: an ogre, wielding a +0 giant club (heavily wounded, chance to affect: 64%)
The ogre struggles to resist.
Aiming: Mindburst
Press: ? - help, Shift-Dir - straight line, f/p - ogre
Aim: an ogre, wielding a +0 giant club (heavily wounded, chance to affect: 64%)
The ogre's mind is blasted!
The ogre hits you with a +0 giant club!!
Ouch! That really hurt!
You die...

#+###+#..#..#.###
#.....#..#..#.#
+.._..+..+..#.#
#.....#..#..#.#
#+###'#..#..#.#
#.....#..##.#.#
+##+##'##'##'..#.#
#.....#.....#..#.#####
#....@#.....#.........
###+##O##+####.#.#####
... #.#.# ..... #.#.#
.....# #.#.# ######
#.#.# ..#.. #.###


You could see an ogre.

Vanquished Creatures
  Grinder (D:3)
  Crazy Yiuf (D:3)
  Jessica (D:3)
  7 gnolls (D:3)
  3 adders
  A worm (D:2)
  2 dart slugs
  5 orcs (D:3)
  5 ball pythons
  8 endoplasms
  13 giant cockroaches
  2 goblins
  10 hobgoblins
  3 kobolds
  2 quokkas (D:1)
  5 bats
  4 frilled lizards
  8 rats
81 creatures vanquished.

Notes
Turn   | Place    | Note
-------+----------+-------------------------------------------
     0 | D:1      | cojito the Palentonga Hunter began the quest for the Orb.
     0 | D:1      | Reached XP level 1. HP: 17/17 MP: 1/1
   171 | D:1      | Reached XP level 2. HP: 23/23 MP: 2/2
   836 | D:1      | Found a faded altar of an unknown god.
   856 | D:1      | Reached XP level 3. HP: 29/29 MP: 3/3
  1349 | D:2      | Found Antoblol's General Store.
  1362 | D:2      | Bought a scroll of teleportation for 39 gold pieces
  1423 | D:2      | Reached skill level 1 in Throwing
  1788 | D:2      | Reached XP level 4. HP: 36/36 MP: 4/4
  2256 | D:3      | Noticed Jessica
  2258 | D:3      | Killed Jessica
  2259 | D:3      | Reached skill level 1 in Armour
  2259 | D:3      | Reached skill level 1 in Shields
  2280 | D:3      | Noticed Grinder
  2281 | D:3      | Reached XP level 5. HP: 43/43 MP: 5/5
  2348 | D:3      | Killed Grinder
  2349 | D:3      | Reached XP level 6. HP: 50/50 MP: 6/6
  3249 | D:3      | Found a runed translucent door.
  3250 | D:3      | Noticed Crazy Yiuf
  3345 | D:3      | Killed Crazy Yiuf
  3437 | D:4      | Noticed a water elemental
  3438 | D:4      | Found a stormy altar of Qazlal.
  3563 | D:4      | Found a hide-covered altar of Uskayaw.
  3578 | D:4      | Demolished by an ogre

Illustrated notes

Levels and vault maps discovered:
D:1:      minmay_arrival_pointy, layout_loops_ring,
          ebering_ecumenical_altar_sacrificial, serial_bayou_pond_d
D:2:      minmay_roachtagon, layout_loops_cross, serial_shops, shop
D:3:      layout_rooms, lemuel_another_geyser, uniq_grinder, uniq_jessica,
          uniq_crazy_yiuf_cottage
D:4:      layout_basic, mainiacjoe_overflow_24_doors,
          nicolae_qazlal_style_of_elements, minmay_fire_ice_demons

Skill      XL: |  1  2  3  4  5  6 |
---------------+-------------------+-----
Slings         | 3 |  3.9
Throwing       | 1 2 |  2.3
Fighting       | 3 |  3.7
Armour         | 1 |  1.6
Shields        | 1 2 |  2.1
Dodging        | |  1.5
Stealth        | |  0.5

Action                   |  1- 3 |  4- 6 || total
-------------------------+-------+-------++-------
Melee: Dagger            |       |    10 ||    10
       Tailslap          |       |     1 ||     1
 Fire: Hunting sling     |   153 |   115 ||   268
Evoke: Wand              |       |    13 ||    13
  Use: Potion            |       |     2 ||     2
       Scroll            |       |     1 ||     1
Armor: Leather armour    |    15 |       ||    15
       Ring mail         |    26 |    12 ||    38
Dodge: Dodged            |    54 |    21 ||    75
Block: Buckler           |    17 |    17 ||    34

Table legend: (Time is in decaauts)
 A = Elapsed time spent in this place.
 B = Non-inter-level travel time spent in this place.
 C = Inter-level travel time spent in this place.
 D = Time resting spent in this place.
 E = Time spent auto-exploring this place.
 F = Levels seen in this place.
 G = Mean time per level.
                   A        B        C        D        E       F      G
               +--------+--------+--------+--------+--------+-----+--------+
         Total |   3694 |   3561 |    133 |    679 |   2251 |   4 |  923.5 |
       Dungeon |   3694 |   3561 |    133 |    679 |   2251 |   4 |  923.5 |
               +--------+--------+--------+--------+--------+-----+--------+

Top non-repeatable levels by time:
     D:2: 1401 daAuts
     D:1: 1173 daAuts
     D:3: 975 daAuts
     D:4: 144 daAuts
